 Dungeon Crawl Stone Soup version 0.27.1-1-g398f81649c (webtiles) character file.

Game seed: 1179616974781867563

148 Metae the Conjurer (level 5, 0/41 HPs)
             Began as a Draconian Conjurer on Sept 11, 2021.
             Frozen to death by an endoplasm (4 damage)
             ... on level 4 of the Dungeon.
             The game lasted 00:19:22 (3978 turns).

Metae the Conjurer (Draconian Conjurer)             Turns: 3978, Time: 00:19:23

Health: 0/41       AC:  5    Str:  9    XL:     5   Next: 8%
Magic:  0/9        EV: 12    Int: 20    God:
Gold:   205        SH:  0    Dex:  9    Spells: 6/9 levels left

rFire    . . .     SeeInvis .   a - +0 dagger
rCold    . . .     Faith    .   (no shield)
rNeg     . . .     Spirit   +   (armour unavailable)
rPois    .         Reflect  .   (helmet restricted)
rElec    .         Harm     .   (no cloak)
rCorr    .         Rampage  .   (no gloves)
Will     .....                  (no boots)
Stlth    ++........             d - amulet of guardian spirit
HPRegen  0.13/turn              (no ring)
MPRegen  0.11/turn              (no ring)

@: slowed, very slow
A: AC +5, unfitting armour, cold-blooded
a: no special abilities


You were on level 4 of the Dungeon.
You visited 1 branch of the dungeon, and saw 4 of its levels.

You collected 205 gold pieces.

Inventory:

Hand Weapons
 a - a +0 dagger (weapon)
 b - a +1 hunting sling of freezing
 f - a +0 hunting sling
Missiles
 e - 21 stones
 k - 37 sling bullets
Armour
 c - a +0 robe
Jewellery
 d - an amulet of guardian spirit (around neck)
Scrolls
 h - 2 scrolls of identify {unknown}
 l - a scroll of fear {unknown}
Potions
 g - a potion of curing
 i - a potion of haste {unknown}
 j - a potion of cancellation {unknown}
 m - a potion of invisibility {unknown}
 n - a potion of degeneration {unknown}
 o - a potion of mutation {unknown}


   Skills:
 + Level 2.1 Fighting
 + Level 1.2 Slings
 - Level 1.7 Dodging
 + Level 2.7 Stealth
 + Level 2.8 Spellcasting
 + Level 4.8 Conjurations


You had 6 spell levels left.
You knew the following spells:

 Your Spells              Type           Power      Damage    Failure   Level
a - Magic Dart            Conj           88%        1d7       1%          1
b - Searing Ray           Conj           44%        3d4       3%          2

Your spell library contained the following spells:

 Spells                   Type           Power      Damage    Failure   Level
 Dazzling Flash           Conj/Hex       24%        N/A       16%         3
 Corpse Rot               Necr/Air       N/A        N/A       22%         2
 Fulminant Prism          Conj/Hex       6%         3d7       47%         4
 Iskenderun's Mystic Bla  Conj/Tloc      12%        2d5       47%         4
 Dispel Undead            Necr           2%         3d7       82%         4
 Death Channel            Necr           1%         N/A       100%        6


Dungeon Overview and Level Annotations

Branches:
Dungeon (4/15)
 Temple: D:4-7

Altars:
Cheibriados

Annotations:
D:4 Eustachio


Innate Abilities, Weirdness & Mutations

Your plain brown scales are hard. (AC +5)
You cannot fit into any form of body armour.
You are cold-blooded and may be slowed by cold attacks.


Message History

The endoplasm hits you but does no damage.
The orc barely misses you. The bat hits you.
* * * LOW HITPOINT WARNING * * *
The endoplasm freezes you.
You are frozen.
* * * LOW HITPOINT WARNING * * *
You feel as though you will be slow longer.
Eustachio casts a spell.
Eustachio blinks!
The orc hits you but does no damage. The bat hits you but does no damage. x2
The bat barely misses you. The bat closely misses you. The bat hits you.
* * * LOW HITPOINT WARNING * * *
The orc hits you but does no damage. The bat closely misses you.
The endoplasm barely misses you. The bat hits you.
* * * LOW HITPOINT WARNING * * *
The bat barely misses you. The bat closely misses you.
The bat hits you but does no damage. The bat barely misses you.
Eustachio mumbles some strange words.
Eustachio blinks!
The bat hits you but does no damage. The bat barely misses you.
The bat hits you but does no damage. x2; The bat closely misses you.
The bat barely misses you. The bat hits you but does no damage.
The bat barely misses you.
Eustachio screams, "Hey, you killed my favourite bat!"
The rat twitches its whiskers.
Eustachio casts a spell.
Eustachio blinks!
The bat barely misses you.
Drop what? 15/52 slots (_ for help) (? for menu, Esc to quit)
Okay, then.
Aiming: Magic Dart (safe; 1% risk of failure)
Press: ? - help, Q - select action, (/) - cycle Shift-Dir - straight line, f/p - Eustachio
Aim: Eustachio, wielding a +0 rapier and wearing a +0 leather armour (almost dead, 100% to hit)
The magic dart hits Eustachio.
Eustachio is almost dead.
The bat misses you. The bat barely misses you. x2
The bat hits you but does no damage. The endoplasm freezes you.
You are frozen.
You die...

.. ......(.........?... ##.#
#....>.<..##..####...?
##..##....###.(..(.........#..
#......# ##.....#.........#
..<# ###..Z..###..##.....
.#.########...#or## ##5...##
............###.b.####J.###
.##############J...#....# .
#..ยง...@b...##.#
#......b.#.## .# #.......##.#
.# #.......##.. ..
#.......##... ..
......@.##......#
#.......###.... #########
..... (.)...


You could see Eustachio, an orc, an endoplasm, 3 bats, a rat (summoned) and a
howler monkey skeleton.

Vanquished Creatures
  A hound (D:3)
  An iguana (D:3)
  3 adders (D:3)
  2 dart slugs (D:2)
  3 endoplasms
  7 giant cockroaches
  6 hobgoblins
  3 jackals (D:2)
  7 kobolds
  A quokka (D:3)
  5 ball pythons
  5 bats
  4 frilled lizards
  8 goblins
  3 rats
59 creatures vanquished.

Notes
Turn   | Place    | Note
-------+----------+-------------------------------------------
     0 | D:1      | Metae the Draconian Conjurer began the quest for the Orb.
     0 | D:1      | Reached XP level 1. HP: 14/14 MP: 3/3
   534 | D:1      | Reached XP level 2. HP: 21/22 MP: 0/5
   797 | D:1      | Learned a level 2 spell: Searing Ray
  1116 | D:1      | Reached skill level 1 in Fighting
  1527 | D:2      | Reached XP level 3. HP: 28/28 MP: 4/6
  2167 | D:2      | Found a faded altar of an unknown god.
  2367 | D:2      | Found a snail-covered altar of Cheibriados.
  2903 | D:3      | Reached XP level 4. HP: 32/35 MP: 2/7
  3288 | D:3      | Reached skill level 1 in Slings
  3456 | D:3      | Reached XP level 5. HP: 33/41 MP: 4/9
  3930 | D:4      | Noticed Eustachio
  3978 | D:4      | Frozen to death by an endoplasm

Illustrated notes

Levels and vault maps discovered:
D:1:      dpeg_arrival_short_road, layout_loops_corners
D:2:      layout_basic, hellmonk_ecumenical_altar_dog_temple, basic_altar
D:3:      layout_loops_corners
D:4:      layout_rooms, mainiacjoe_overflow_catwalk, kennysheep_generic_room_11,
          uniq_eustachio, uniq_sigmund

Skill      XL: |  1  2  3  4 |
---------------+-------------+-----
Stealth        | 2 |  2.7
Fighting       | 1 2 |  2.1
Slings         | 1 |  1.2
Dodging        | |  1.7
Spellcasting   | |  2.8
Conjurations   | |  4.8

Action                   |  1- 3 |  4- 6 || total
-------------------------+-------+-------++-------
Melee: Dagger            |    32 |    23 ||    55
       Unarmed           |     1 |       ||     1
       Tailslap          |     1 |       ||     1
 Fire: Hunting sling     |    24 |    11 ||    35
 Cast: Magic Dart        |    78 |    30 ||   108
       Searing Ray       |     1 |       ||     1
  Use: Potion            |       |     1 ||     1
 Stab: Sleeping          |       |     1 ||     1
Armor: Skin              |    13 |    54 ||    67
Dodge: Dodged            |    24 |    99 ||   123
